 Dungeon Crawl Stone Soup version 0.22.0-6-g71bd7aa (webtiles) character file.

112 Amnesiac the Gusty (level 4, -8/30 HPs)
             Began as a Mummy Air Elementalist on Aug 15, 2018.
             Killed from afar by an orc wizard (15 damage)
             ... with a puff of flame
             ... on level 4 of the Dungeon.
             The game lasted 00:03:05 (827 turns).

Amnesiac the Gusty (Mummy Air Elementalist)          Turns: 827, Time: 00:03:05

Health: -8/30      AC:  2    Str: 11    XL:     4   Next: 63%
Magic:  4/10       EV: 12    Int: 15    God:
Gold:   54         SH:  0    Dex: 12    Spells: 1/11 levels left

rFire    x . .     SeeInvis .   e - +0 falchion
rCold    + . .     Gourm    .   (no shield)
rNeg     + + +     Faith    .   a - +0 robe
rPois    ∞         Spirit   .   (no helmet)
rElec    .         Reflect  .   (no cloak)
rCorr    .         Harm     .   (no gloves)
MR       .....                  (no boots)
Stlth    +.........             (no amulet)
HPRegen  0.10/turn              i - ring of attention
MPRegen  0.12/turn              (no ring)

@: no status effects
A: no food or potions, fire vulnerability, cold resistance 1, negative energy
resistance 3, torment resistance, unbreathing
a: no special abilities


You were on level 4 of the Dungeon.
You were not hungry.

You visited 1 branch of the dungeon, and saw 6 of its levels.

You collected 54 gold pieces.

Inventory:

Hand Weapons
 e - a +0 falchion (weapon)
 g - a +0 trident
Armour
 a - a +0 robe (worn)
 b - a +0 helmet
Jewellery
 i - a ring of attention (left hand)
Wands
 c - a wand of scattershot (4)


   Skills:
 - Level 1.5 Dodging
 - Level 1.5 Stealth
 + Level 4.0 Spellcasting
 - Level 0.7 Conjurations
 * Level 4.0 Air Magic


You had one spell level left.
You knew the following spells:

 Your Spells              Type           Power        Failure   Level  Hunger
a - Shock                 Conj/Air       ##..         7%          1    N/A
d - Airstrike             Air            ###.......   34%         4    N/A
e - Mephitic Cloud        Conj/Pois/Air  #.......     28%         3    N/A
z - Swiftness             Chrm/Air       #.......     12%         2    N/A

Your spell library contained the following spells:

 Spells                   Type           Power        Failure   Level  Hunger
 Lightning Bolt           Conj/Air       ##........   88%         5    N/A
 Venom Bolt               Conj/Pois      #.........   99%         5    N/A
 Olgreb's Toxic Radiance  Pois           #.......     87%         4    N/A
 Sting                    Conj/Pois      #...         16%         1    N/A
 Static Discharge         Conj/Air       ##......     21%         3    N/A
 Poisonous Vapours        Pois/Air       #.....       12%         2    N/A

Dungeon Overview and Level Annotations

Branches:
Dungeon (6/15)
 Temple: D:4-7

Altars:
Hepliaklqana


Innate Abilities, Weirdness & Mutations

You do not eat or drink.
Your flesh is vulnerable to fire.
You are immune to poison.
Your flesh is cold resistant. (rC+)
You are immune to negative energy. (rN+++)
You are immune to unholy pain and torment.
You can survive without breathing.


Message History

Aiming: Shock (safe; 7% risk of failure)
Press: ? - help, Shift-Dir - straight line, f - orc
Aim: an orc, wielding a club The zap hits the orc.
The orc is moderately wounded.
The zap misses the orc.
Casting: Shock (safe; 7% risk of failure)
Confirm with . or Enter, or press ? or * to list all spells.
Aiming: Shock (safe; 7% risk of failure)
Press: ? - help, Shift-Dir - straight line, f/p - orc
Aim: an orc, wielding a club (moderately wounded)
The zap misses the orc.
The zap hits the orc.
The orc is almost dead.
Casting: Shock (safe; 7% risk of failure)
Confirm with . or Enter, or press ? or * to list all spells.
Aiming: Shock (safe; 7% risk of failure)
Press: ? - help, Shift-Dir - straight line, f/p - orc
Aim: an orc, wielding a club (almost dead)
The zap hits the orc.
You kill the orc!
Your Spellcasting skill increases to level 4!
Casting: Shock (safe; 7% risk of failure)
Confirm with . or Enter, or press ? or * to list all spells.
Aiming: Shock (safe; 7% risk of failure)
Press: ? - help, Shift-Dir - straight line, f - orc
Aim: an orc, wielding a falchion The zap hits the orc.
The orc is heavily wounded.
The zap hits the orc.
You kill the orc!
Casting: Shock (safe; 7% risk of failure)
Confirm with . or Enter, or press ? or * to list all spells.
You don't have enough magic to cast that spell.
Casting: Shock (safe; 7% risk of failure)
Confirm with . or Enter, or press ? or * to list all spells.
You don't have enough magic to cast that spell.
Casting: Shock (safe; 7% risk of failure)
Confirm with . or Enter, or press ? or * to list all spells.
You don't have enough magic to cast that spell.
Casting: Shock (safe; 7% risk of failure)
Confirm with . or Enter, or press ? or * to list all spells.
You don't have enough magic to cast that spell.
You aren't carrying any scrolls.
An orc comes into view. It is wielding a short sword of speed.
The orc shouts!
You hear a shout! x3
An orc wizard comes into view. It is wielding a dagger. x2
Your magical contamination has completely faded away.
Found 2 red potions.
An orc comes into view. It is wielding a mace.
The orc shouts!
You hear an angry hiss.
An orc priest comes into view. It is wielding an enchanted trident.
The orc closely misses you. The orc hits you but does no damage.
Found a spear.
The orc hits you with a short sword of speed.
* * * LOW HITPOINT WARNING * * *
The orc wizard casts a spell.
The orc wizard seems to speed up.
The orc hits you with a short sword of speed.
* * * LOW HITPOINT WARNING * * *
The orc wizard gestures at you while chanting.
The puff of flame hits you! The fire burns you terribly!
Ouch! That really hurt!
You die...

### ..# #.#
#.# #.# #.#
#.# #@#
...##.#.#
...!..#.####
#.#..#.o..#
. ....#.#o##
..)#.o#.#o#
......###.#
#o...#
#.####


You could see an orc wizard.

Vanquished Creatures
  A howler monkey (D:6)
  A hound (D:5)
  An orc wizard (D:4)
  A dart slug (D:1)
  3 orcs
  2 giant cockroaches (D:1)
  A goblin (D:1)
  A hobgoblin (D:3)
  A kobold (D:1)
  A rat (D:1)
13 creatures vanquished.

Notes
Turn   | Place    | Note
-------+----------+-------------------------------------------
     0 | D:1      | Amnesiac the Mummy Air Elementalist began the quest for the Orb.
     0 | D:1      | Reached XP level 1. HP: 13/13 MP: 4/4
    97 | D:1      | Reached XP level 2. HP: 14/19 MP: 0/5
   126 | D:1      | Learned a level 2 spell: Swiftness
   273 | D:3      | You fall through a shaft for 3 floors!
   300 | D:6      | Noticed an ice beast
   432 | D:6      | Noticed a howler monkey
   450 | D:6      | Killed a howler monkey
   450 | D:6      | Reached XP level 3. HP: 14/24 MP: 0/7
   495 | D:5      | Entered Level 5 of the Dungeon
   500 | D:5      | Reached XP level 4. HP: 6/30 MP: 3/9
   505 | D:5      | Learned a level 3 spell: Mephitic Cloud
   510 | D:5      | Learned a level 4 spell: Airstrike
   524 | D:5      | Noticed an ogre
   778 | D:4      | Found a hazy altar of Hepliaklqana.
   827 | D:4      | Killed from afar by an orc wizard

Skill      XL: |  1  2  3  4 |
---------------+-------------+-----
Spellcasting   | 3 4 |  4.0
Air Magic      | 3 4 |  4.0
Dodging        | |  1.5
Stealth        | |  1.5
Conjurations   | |  0.7

Action                   |  1- 3 |  4- 6 || total
-------------------------+-------+-------++-------
Melee: Falchion          |     2 |       ||     2
 Cast: Shock             |    23 |     6 ||    29
Evoke: Wand              |       |     1 ||     1
  Use: Scroll            |     4 |       ||     4
Armor: Robe              |     2 |     1 ||     3
Dodge: Dodged            |    11 |     3 ||    14
       Rpst.: Falchion   |     3 |     1 ||     4
